 Dungeon Crawl Stone Soup version 0.28-b1-25-g9875b3fc8c (webtiles) character file.

Game seed: 3129363234083650805

184 cbfl8 the Sneak (level 5, -2/47 HPs)
             Began as a Minotaur Delver on Jan 31, 2022.
             Killed from afar by Ijyb (7 damage)
             ... with a puff of flame
             ... on level 4 of the Dungeon.
             The game lasted 00:05:22 (3264 turns).

cbfl8 the Sneak (Minotaur Delver)                   Turns: 3264, Time: 00:05:22

Health: -2/47      AC:  3    Str: 19    XL:     5   Next: 36%
Magic:  4/4        EV:  7    Int:  7    God:
Gold:   207        SH: 10    Dex: 11    Spells: 4/4 levels left

rFire   . . .      SeeInvis .   u - +1 hand axe (drain)
rCold   . . .      Faith    .   o - +0 tower shield
rNeg    . . .      Spirit   .   b - +0 leather armour
rPois   .          Reflect  .   (helmet restricted)
rElec   .          Harm     .   (no cloak)
rCorr   +          Rampage  .   (no gloves)
Will    .....                   (no boots)
Stlth   ++........              (no amulet)
HPRegen 0.15/turn               n - ring of resist corrosion
MPRegen 0.09/turn               t - ring of resist corrosion

@: no status effects
A: horns 2, retaliatory headbutt
a: no special abilities


You were on level 4 of the Dungeon.
You visited 1 branch of the dungeon, and saw 5 of its levels.

You collected 207 gold pieces.

Inventory:

Hand Weapons
 a - a +0 hand axe
 k - a +0 whip of venom
 u - a +1 hand axe of draining (weapon)
Armour
 b - a +0 leather armour (worn)
 o - a +0 tower shield (worn)
Magical Staves
 l - a staff of earth
Jewellery
 n - a ring of resist corrosion (left hand)
 t - a ring of resist corrosion (right hand)
Wands
 g - a wand of digging (2)
Scrolls
 c - a scroll of fog
 d - 2 scrolls of teleportation {unknown}
 e - a scroll of fear
 m - 7 scrolls of identify {unknown}
 p - 2 scrolls of summoning {unknown}
 q - a scroll of torment {unknown}
 r - a scroll of blinking {unknown}
Potions
 f - a potion of haste
 h - a potion of cancellation {unknown}
 i - 5 potions of curing {unknown}
 j - a potion of degeneration {unknown}
 s - a potion of mutation {unknown}


   Skills:
 + Level 4.3 Fighting
 + Level 2.9(3.2) Axes
 + Level 2.0(2.7) Maces & Flails
 + Level 2.2 Armour
 + Level 2.5 Dodging
 + Level 5.1 Stealth
 + Level 1.0 Shields


You had 4 spell levels left.
You didn't know any spells.
Your spell library contained the following spells:

 Spells                   Type           Power      Damage    Failure   Level
 Corpse Rot               Necr/Air       0%         N/A       100%        2
 Dispel Undead            Necr           0%         3d6       100%        4
 Death Channel            Necr           0%         N/A       100%        6


Dungeon Overview and Level Annotations

Branches:
Dungeon (5/15)             Temple (0/1) D:5

Altars:
Cheibriados
Fedhas
Vehumet
The Shining One

Annotations:
D:4 Ijyb


Innate Abilities, Weirdness & Mutations

You have a pair of horns on your head.
You reflexively headbutt those who attack you in melee.


Message History

Ijyb hits you with a +0 dagger.
You hit Ijyb but do no damage. You drain Ijyb.
Ijyb is moderately wounded.
You block Ijyb's attack. x2
You hit Ijyb but do no damage. You drain Ijyb.
Ijyb is moderately wounded.
You block Ijyb's attack. Ijyb barely misses you. You furiously retaliate!
You headbutt Ijyb, but do no damage. You hit Ijyb but do no damage.
Ijyb is moderately wounded.
Ijyb zaps a wand.
The puff of flame hits you!
You barely miss Ijyb.
Ijyb is moderately wounded.
Ijyb hits you but does no damage. Ijyb closely misses you.
You hit Ijyb but do no damage. You drain Ijyb. Your headbutt misses Ijyb.
Ijyb is heavily wounded.
You block Ijyb's attack.
You hit Ijyb but do no damage.
Ijyb is heavily wounded.
Ijyb zaps a wand.
The puff of flame misses you. Ijyb hits you with a +0 dagger.
You barely miss Ijyb.
Ijyb is heavily wounded.
Ijyb zaps a wand.
The puff of flame hits you!
* * * LOW HITPOINT WARNING * * *
You barely miss Ijyb. You headbutt Ijyb.
Ijyb is heavily wounded.
Ijyb hits you with a +0 dagger.
* * * LOW HITPOINT WARNING * * *
You block Ijyb's attack.
You hit Ijyb but do no damage.
Ijyb is heavily wounded.
Ijyb zaps a wand.
The puff of flame misses you.
Ijyb zaps a wand.
You block the puff of flame.
You hit Ijyb but do no damage. You drain Ijyb. Your headbutt misses Ijyb.
Ijyb is severely wounded.
Ijyb hits you but does no damage.
You hit Ijyb.
Ijyb is severely wounded.
Ijyb barely misses you.
Ijyb zaps a wand.
The puff of flame hits you!
You die...

#.......... #..........
#.......... .......
#........?. #.........
.......... #.........
......... ###........B
##g....... ............
##.@†)..# ............
#..##.### ............
#.## .#
..>........###.###.#
..........# #..#...
.......######.##.#
.....#..###...#..#
####.#......##..#
##...#.........#########


You could see Ijyb (drained).

Vanquished Creatures
  Blork the orc (D:4)
  A hound (D:4)
  2 adders (D:3)
  A gnoll (D:1)
  A worm (D:3)
  3 dart slugs
  7 endoplasms
  3 giant cockroaches
  5 goblins
  2 hobgoblins
  3 jackals (D:2)
  3 quokkas
  8 ball pythons
  A frilled lizard (D:3)
  6 kobolds
  4 rats
51 creatures vanquished.

Notes
Turn   | Place    | Note
-------+----------+-------------------------------------------
     0 | D:5      | cbfl8 the Minotaur Delver began the quest for the Orb.
     0 | D:5      | Reached XP level 1. HP: 19/19 MP: 0/0
    26 | D:5      | Noticed a troll
    28 | D:5      | Found a radiant altar of Vehumet.
    38 | D:4      | Noticed a hound
    43 | D:4      | Killed a hound
    44 | D:4      | Reached XP level 2. HP: 20/27 MP: 1/1
    44 | D:4      | Reached XP level 3. HP: 25/33 MP: 2/2
   719 | D:1      | Reached skill level 5 in Stealth
   933 | D:1      | Reached XP level 4. HP: 27/40 MP: 3/3
  1363 | D:1      | Reached skill level 1 in Armour
  2225 | D:3      | Reached skill level 1 in Maces & Flails
  2616 | D:3      | Found a blossoming altar of Fedhas.
  2749 | D:3      | Found a snail-covered altar of Cheibriados.
  2942 | D:4      | Noticed Blork the orc
  2959 | D:4      | Killed Blork the orc
  2960 | D:4      | Reached skill level 1 in Shields
  2960 | D:4      | Reached XP level 5. HP: 11/47 MP: 4/4
  3220 | D:4      | Found a glowing golden altar of the Shining One.
  3238 | D:4      | Noticed Ijyb
  3264 | D:4      | Killed from afar by Ijyb

Illustrated notes

Levels and vault maps discovered:
D:1:      minmay_arrival_five_plusses, layout_loops_ring, due_unseen_surprise
D:2:      layout_loops_ring
D:3:      layout_basic, mainiacjoe_overflow_surrounded_room, slow_altar_2,
          hangedman_decor_lopped, hangedman_abyss_or_decor_stabs
D:4:      wad_pebble_path, layout_rooms, marbit_many_paths, uniq_blork_the_orc,
          uniq_ijyb
D:5:      layout_loops_ring, nicolae_vehumet_radiance, temple_doors_e,
          gup_sewer_entry_pipe, corner_web_ring, kennysheep_generic_room_2

Skill      XL: |  1  2  3  4 |
---------------+-------------+-----
Fighting       | 4 |  4.3
Stealth        | 5 |  5.1
Armour         | 2 |  2.2
Maces & Flails | 2 |  2.0
Shields        | 1 |  1.0
Axes           | |  2.9
Dodging        | |  2.5

Action                   |  1- 3 |  4- 6 || total
-------------------------+-------+-------++-------
Melee: Hand axe          |    21 |    14 ||    35
       Headbutt          |     7 |    14 ||    21
       Whip              |    23 |    50 ||    73
       Punch             |     2 |       ||     2
Evoke: Wand              |     1 |       ||     1
  Use: Scroll            |     1 |       ||     1
 Stab: Sleeping          |     5 |     8 ||    13
Armor: Leather armour    |     5 |    11 ||    16
Dodge: Dodged            |    28 |    21 ||    49
Block: Tower shield      |       |    37 ||    37
